 Dungeon Crawl Stone Soup version 0.23.2-1-ga50397a (webtiles) character file.

Game seed: 4841386384423990092

1072 night the Grave Robber (level 8, 0/62 HPs)
             Began as a Deep Dwarf Necromancer on Apr 26, 2019.
             Slain by an ogre
             ... wielding a +0 giant club
              (11 damage)
             ... on level 5 of the Dungeon.
             The game lasted 00:21:01 (5654 turns).

night the Grave Robber (Deep Dwarf Necromancer)     Turns: 5654, Time: 00:21:02

Health: 0/62       AC:  8    Str: 12    XL:     8   Next: 7%
Magic:  7/15       EV: 12    Int: 18    God:
Gold:   213        SH:  0    Dex: 13    Spells: 7/16 levels left

rFire    + . .     SeeInvis +   v - +3 trident (vamp)
rCold    + . .     Gourm    .   (no shield)
rNeg     . . .     Faith    .   m - +3 leather armour {rC+}
rPois    .         Spirit   .   (no helmet)
rElec    .         Reflect  .   f - +1 cloak
rCorr    .         Harm     .   (no gloves)
MR       +....                  (no boots)
Stlth    ++........             (no amulet)
HPRegen  0.00/turn              h - ring of see invisible
MPRegen  0.14/turn              F - ring of protection from fire

@: non-regenerating
A: damage resistance, heal wounds, sense surroundings 1, no regeneration
a: Heal Wounds


You were on level 5 of the Dungeon.
You were not hungry.

You visited 1 branch of the dungeon, and saw 5 of its levels.
You also visited: Sewer.

You collected 213 gold pieces.

Inventory:

Hand Weapons
 e - a +0 dagger
 o - a +0 hunting sling
 p - the +0 quarterstaff of Mutilation {vamp, MR++}
   (You found it on level 4 of the Dungeon)

   It inflicts no extra harm, but heals its wielder when it wounds a living foe.
   It affects your resistance to hostile enchantments.
 v - a +3 vampiric trident (weapon)
 D - a +2 short sword of venom
Missiles
 k - 44 bolts
 l - 116 stones (quivered)
 r - 16 sling bullets
 w - 5 tomahawks
 x - 4 tomahawks of returning
Armour
 a - a +0 robe
 f - a +1 cloak (worn)
 m - a +3 leather armour of cold resistance (worn)
Jewellery
 h - a ring of see invisible (left hand)
 y - an uncursed ring of protection from cold
 F - a ring of protection from fire (right hand)
Wands
 u - a wand of iceblast (5)
Scrolls
 b - 2 scrolls of fear
 i - 2 scrolls of remove curse
 j - 8 scrolls of identify
 z - a scroll of magic mapping {unknown}
 B - a scroll of enchant armour
Potions
 d - 6 potions of curing {unknown}
 g - a potion of invisibility {unknown}
 n - 2 potions of agility {unknown}
 q - 2 potions of brilliance {unknown}
 s - a potion of mutation {unknown}
 t - a potion of berserk rage {unknown}
 C - 6 potions of heal wounds {unknown}
 E - 2 potions of might {unknown}
 H - a potion of cancellation {unknown}
Comestibles
 c - 4 rations


   Skills:
 - Level 2.3 Short Blades
 + Level 2.2(2.9) Polearms
 - Level 2.9(3.3) Staves
 - Level 2.2 Dodging
 - Level 2.4 Stealth
 + Level 4.8 Spellcasting
 + Level 7.5 Necromancy


You had 7 spell levels left.
You knew the following spells:

 Your Spells              Type           Power        Failure   Level  Hunger
a - Pain                  Necr           ####         1%          1    None
b - Vampiric Draining     Necr           ####......   2%          3    ###....
c - Animate Skeleton      Necr           N/A          1%          1    None
d - Animate Dead          Necr           N/A          8%          4    ####...

Your spell library contained the following spells:

 Spells                   Type           Power        Failure   Level  Hunger
 Regeneration             Chrm/Necr      Unusable     N/A         3    N/A

Dungeon Overview and Level Annotations

Branches:
Dungeon (5/15)
 Temple: D:4-7

Altars:
Ashenzari
Nemelex Xobeh
Okawaru
Wu Jian

Annotations:
D:4 2 transporters, totalnoob's ghost, novice GnEE
D:5 1 runed translucent door, Crazy Yiuf; Menkaure


Innate Abilities, Weirdness & Mutations

You are resistant to damage.
You can heal yourself by infusing magical energy.
You passively map a small area around you.
You do not regenerate.


Message History

Aiming: Pain (safe; 1% risk of failure)
Press: ? - help, Shift-Dir - straight line, f/p - ogre
Aim: an ogre, wielding a +0 giant club (lightly wounded, chance to defeat MR: 84%)
The ogre writhes in agony!
Casting: Pain (safe; 1% risk of failure)
Confirm with . or Enter, or press ? or * to list all spells.
Aiming: Vampiric Draining (safe; 2% risk of failure)
Press: ? - help, Shift-Dir - straight line, f/p - ogre
Aim: an ogre, wielding a +0 giant club (moderately wounded)
The ogre is severely wounded.
You feel life coursing into your body. The ogre hits you with a +0 giant club!
* * * LOW HITPOINT WARNING * * *
Casting: Vampiric Draining (safe; 2% risk of failure)
Confirm with . or Enter, or press ? or * to list all spells.
Aiming: Vampiric Draining (safe; 2% risk of failure)
Press: ? - help, Shift-Dir - straight line, f/p - ogre
Aim: an ogre, wielding a +0 giant club (severely wounded)
The ogre is almost dead.
You feel life coursing into your body. The ogre hits you with a +0 giant club!
You die...

#............# * #####
..####............#
#....##..##............#
,.........##............#
## ,
..........##..........## #.
, ..........###.........#
#. *
...........###.......## #)
...........###......## ##
...........O@...#####
.$..........#...##
............#....###
............##.....##
...........###......#######
* .........###
#............. ........##
#.....#.....## W.....###
#........#### ##
###.......##


You could see an ogre.

Vanquished Creatures
  Eustachio (D:5)
  A phantom (D:5)
  2 ogres
  2 big kobolds (Sewer)
  A scorpion (D:4)
  A hound (D:4)
  2 orc priests (D:3)
  An iguana (D:4)
  Ijyb (D:5)
  3 orc wizards (D:4)
  2 worker ants
  A howler monkey zombie (D:5)
  8 adders
  An ooze (D:1)
  An adder skeleton (D:5)
  3 worms
  2 dart slugs
  3 leopard geckos
  6 orcs
  3 ball pythons
  7 giant cockroaches
  8 goblins
  3 hobgoblins
  11 jackals
  A quokka (D:2)
  8 bats
  6 frilled lizards
  A jackal skeleton (D:4)
  19 kobolds
  A leopard gecko skeleton (D:4)
  9 rats
119 creatures vanquished.

Notes
Turn   | Place    | Note
-------+----------+-------------------------------------------
     0 | D:1      | night the Deep Dwarf Necromancer began the quest for the
                  | Orb.
     0 | D:1      | Reached XP level 1. HP: 15/15 MP: 3/3
   173 | D:1      | Reached XP level 2. HP: 17/22 MP: 1/4
   581 | D:1      | Reached skill level 5 in Necromancy
   745 | D:2      | Found a shattered altar of Ashenzari.
   752 | D:2      | Reached XP level 3. HP: 5/28 MP: 2/6
   763 | D:2      | Reached skill level 1 in Short Blades
   768 | D:2      | Learned a level 3 spell: Vampiric Draining
  1183 | D:2      | Reached XP level 4. HP: 20/36 MP: 1/7
  1502 | D:2      | Learned a level 1 spell: Animate Skeleton
  2022 | D:3      | Found an ornate altar of the Wu Jian Council.
  2253 | D:3      | Found a sparkling altar of Nemelex Xobeh.
  2291 | D:3      | Reached XP level 5. HP: 22/42 MP: 4/9
  3043 | D:4      | Found a transporter.
  3061 | D:4      | Got a crude quarterstaff
  3073 | D:4      | Identified the cursed +0 quarterstaff of Mutilation {vamp,
                  | MR++} (You found it on level 4 of the Dungeon)
  3201 | D:4      | Reached skill level 6 in Necromancy
  3203 | D:4      | Reached skill level 1 in Staves
  3203 | D:4      | Reached XP level 6. HP: 24/49 MP: 0/10
  3478 | D:4      | Found the +6 lightning scales {run, rElec}
  3485 | D:4      | Found a glowing drain.
  3521 | Sewer    | Entered a sewer
  3979 | D:4      | Noticed totalnoob's ghost (novice GnEE)
  3987 | D:4      | Found a transporter.
  4028 | D:4      | Found an iron altar of Okawaru.
  4045 | D:4      | Reached XP level 7. HP: 15/55 MP: 2/13
  4572 | D:5      | Entered Level 5 of the Dungeon
  4608 | D:5      | Noticed Ijyb
  4635 | D:5      | Killed Ijyb
  4772 | D:5      | Reached skill level 1 in Polearms
  4772 | D:5      | Reached skill level 7 in Necromancy
  5183 | D:5      | Found a runed translucent door.
  5184 | D:5      | Noticed Crazy Yiuf
  5267 | D:5      | HP: 2/55 [howler monkey zombie (4)]
  5300 | D:5      | Noticed Menkaure
  5437 | D:5      | Noticed Eustachio
  5483 | D:5      | Killed Eustachio
  5483 | D:5      | Reached XP level 8. HP: 9/62 MP: 11/15
  5533 | D:5      | Learned a level 4 spell: Animate Dead
  5654 | D:5      | Slain by an ogre

Skill      XL: |  1  2  3  4  5  6  7 |
---------------+----------------------+-----
Spellcasting   | 2 3 4 |  4.8
Necromancy     | 5 6 7 |  7.5
Short Blades   | 1 2 |  2.3
Staves         | 1 2 |  2.9
Polearms       | 2 |  2.2
Dodging        | |  2.2
Stealth        | |  2.4

Action                   |  1- 3 |  4- 6 |  7- 9 || total
-------------------------+-------+-------+-------++-------
Melee: Unarmed           |     4 |       |       ||     4
       Dagger            |    43 |    97 |       ||   140
       Quarterstaff      |       |   150 |    33 ||   183
       Trident           |       |       |    33 ||    33
 Cast: Pain              |    30 |    24 |    14 ||    68
       Vampiric Draining |     7 |    37 |    14 ||    58
       Animate Skeleton  |       |     1 |       ||     1
 Abil: Heal Wounds       |       |     1 |     1 ||     2
Evoke: Wand              |       |       |     3 ||     3
  Use: Scroll            |       |     3 |     5 ||     8
 Stab: Sleeping          |     5 |     5 |     1 ||    11
       Distracted        |       |     1 |       ||     1
  Eat: Ration            |     1 |     2 |     2 ||     5
       Chunk             |       |    10 |     4 ||    14
Armor: Robe              |    17 |    54 |    10 ||    81
Dodge: Dodged            |    51 |   182 |    44 ||   277
